 Dungeon Crawl Stone Soup version 0.22-a0-322-g60b3cfd (webtiles) character file.

181 sankara the Sneak (level 5, -4/31 HPs)
             Began as an Octopode Ice Elementalist on Apr 2, 2018.
             Was a Follower of Vehumet.
             Slain by a gnoll (8 damage)
             ... on level 3 of the Dungeon.
             The game lasted 00:13:52 (4487 turns).

sankara the Sneak (Octopode Ice Elementalist)       Turns: 4487, Time: 00:13:53

Health: -4/31      AC:  1    Str:  7    XL:     5   Next: 61%
Magic:  0/10       EV: 13    Int: 19    God:    Vehumet [*.....]
Gold:   177        SH:  0    Dex: 12    Spells: 3/10 levels left

rFire    . . .     SeeInvis .   f - +0 dagger
rCold    . . .     Gourm    .   (no shield)
rNeg     . . .     Faith    .   (helmet restricted)
rPois    .         Spirit   .   (no amulet)
rElec    .         Reflect  .   (no ring)
rCorr    .         Harm     .   (no ring)
MR       .....                  (no ring)
Stlth    ++++......             (no ring)
HPRegen  0.10/turn              (no ring)
MPRegen  0.12/turn              (no ring)
                                (no ring)
                                (no ring)

@: no status effects
A: almost no armour, stealthy swim, amphibious, 8 rings, constrict 8, camouflage
1, gelatinous body 1
a: Renounce Religion


You were on level 3 of the Dungeon.
You worshipped Vehumet.
Vehumet was aware of your devotion.
You were not hungry.

You visited 1 branch of the dungeon, and saw 3 of its levels.

You collected 177 gold pieces.

Inventory:

Hand Weapons
 d - a +0 club
   (You found it on level 1 of the Dungeon)
 f - a +0 dagger (weapon)
   (You took it off a goblin on level 1 of the Dungeon)
Missiles
 a - 23 sling bullets
 e - 67 stones (quivered)
Jewellery
 h - an uncursed ring of teleportation {+/*tele, !d}
   (You found it on level 1 of the Dungeon)
Scrolls
 i - a scroll of identify
 n - a scroll of fear {unknown}
Potions
 c - 2 potions of lignification {unknown}
 g - a potion of agility {unknown}
 j - 2 potions of curing
 k - a potion of might {unknown}
 l - a potion of magic {unknown}
 m - a potion of ambrosia {unknown}
 o - a potion of experience {unknown}
 p - a potion of haste {unknown}
Comestibles
 b - 2 rations


   Skills:
 - Level 2.0 Dodging
 + Level 4.9 Stealth
 + Level 3.3 Spellcasting
 + Level 1.6 Conjurations
 + Level 4.1 Ice Magic


You had 3 spell levels left.
You knew the following spells:

 Your Spells              Type           Power        Failure   Level  Hunger
a - Freeze                Ice            ###.         2%          1    None
b - Ozocubu's Armour      Chrm/Ice       ##......     19%         3    ###....
c - Throw Frost           Conj/Ice       ##....       7%          2    ##.....
d - Magic Dart            Conj           #...         8%          1    None


Dungeon Overview and Level Annotations

Branches:
Dungeon (3/15)

Altars:
Kikubaaqudgha
Qazlal
Vehumet


Innate Abilities, Weirdness & Mutations

You cannot wear most types of armour.
You are very stealthy in the water. (Stealth+)
You are amphibious.
You can wear up to eight rings at the same time.
You can use your tentacles to constrict eight enemies at once.
Your skin changes colour to match your surroundings (Stealth+).
Your rubbery body absorbs attacks. (AC +1, EV +1)


Message History

l - a glowing ruby potion
There is a stone staircase leading up, spattered with blood here.
e - 67 stones (gained 3)
p - a lumpy cyan potion You now have 177 gold pieces (gained 6).
You need to eat something NOW!
A gnoll comes into view. It is wielding a spear.
You eat one of the 3 rations.
That ration really hit the spot!
The gnoll shouts!
You hear a shout! x2
A gnoll comes into view. It is wielding a club.
A gnoll comes into view.
The gnoll closely misses you.
A gnoll comes into view. It is wielding a club.
Casting: Magic Dart (safe; 9% risk of failure)
Confirm with . or Enter, or press ? or * to list all spells.
Aiming: Freeze (safe; 2% risk of failure)
Press: ? - help, Shift-Dir - straight line, f - gnoll
Aim: a gnoll, wielding a spear You freeze the gnoll.
The gnoll is lightly wounded.
The gnoll shouts!
Casting: Freeze (safe; 2% risk of failure)
Confirm with . or Enter, or press ? or * to list all spells.
Aiming: Freeze (safe; 2% risk of failure)
Press: ? - help, Shift-Dir - straight line, f/p - gnoll
Aim: a gnoll, wielding a spear (lightly wounded)
You freeze the gnoll.
The gnoll is severely wounded.
The gnoll hits you with a spear!
Casting: Freeze (safe; 2% risk of failure)
Confirm with . or Enter, or press ? or * to list all spells.
Aiming: Freeze (safe; 2% risk of failure)
Press: ? - help, Shift-Dir - straight line, f/p - gnoll
Aim: a gnoll, wielding a spear (severely wounded)
You freeze the gnoll.
You kill the gnoll!
Vehumet accepts your kill. The gnoll barely misses you.
Casting: Freeze (safe; 2% risk of failure)
Confirm with . or Enter, or press ? or * to list all spells.
Aiming: Freeze (safe; 2% risk of failure)
Press: ? - help, Shift-Dir - straight line, f - gnoll
Aim: a gnoll, wielding a club You freeze the gnoll.
The gnoll is severely wounded.
Casting: Freeze (safe; 2% risk of failure)
Confirm with . or Enter, or press ? or * to list all spells.
Aiming: Freeze (safe; 2% risk of failure)
Press: ? - help, Shift-Dir - straight line, f/p - gnoll
Aim: a gnoll, wielding a club (severely wounded)
You freeze the gnoll.
The gnoll is almost dead.
The gnoll hits you but does no damage. The gnoll closely misses you.
Casting: Freeze (safe; 2% risk of failure)
Confirm with . or Enter, or press ? or * to list all spells.
Aiming: Freeze (safe; 2% risk of failure)
Press: ? - help, Shift-Dir - straight line, f/p - gnoll
Aim: a gnoll, wielding a club (almost dead)
You freeze the gnoll.
You kill the gnoll!
Vehumet accepts your kill.
Casting: Freeze (safe; 2% risk of failure)
Confirm with . or Enter, or press ? or * to list all spells.
Aiming: Freeze (safe; 2% risk of failure)
Press: ? - help, Shift-Dir - straight line, f - gnoll
Aim: a gnoll You freeze the gnoll.
The gnoll is moderately wounded.
The gnoll barely misses you.
Casting: Freeze (safe; 2% risk of failure)
Confirm with . or Enter, or press ? or * to list all spells.
Aiming: Freeze (safe; 2% risk of failure)
Press: ? - help, Shift-Dir - straight line, f/p - gnoll
Aim: a gnoll (moderately wounded)
You freeze the gnoll.
The gnoll is moderately wounded.
The gnoll hits you but does no damage. The gnoll hits you.
Casting: Freeze (safe; 2% risk of failure)
Confirm with . or Enter, or press ? or * to list all spells.
Aiming: Freeze (safe; 2% risk of failure)
Press: ? - help, Shift-Dir - straight line, f/p - gnoll
Aim: a gnoll (moderately wounded)
You freeze the gnoll.
The gnoll is severely wounded.
The gnoll hits you. The gnoll hits you with a club.
Casting: Freeze (safe; 2% risk of failure)
Confirm with . or Enter, or press ? or * to list all spells.
Aiming: Freeze (safe; 2% risk of failure)
Press: ? - help, Shift-Dir - straight line, f/p - gnoll
Aim: a gnoll (severely wounded)
You freeze the gnoll.
The gnoll is severely wounded.
The gnoll hits you. The gnoll hits you with a club.
* * * LOW HITPOINT WARNING * * *
You hit the gnoll but do no damage. You grab the gnoll. You squeeze the gnoll.
The gnoll is almost dead.
You constrict the gnoll. The gnoll hits you.
* * * LOW HITPOINT WARNING * * *
You release your grip on the gnoll.
The gnoll hits you!
You die...

. .#####.##.#### ..
....##.##....# ...
#..........### ....
#.#..........## ...
#.............. ...
###...........##. ...
#.............### ...
###.##..........# ...
#######g@.##........[.#
...
.......g#####........##
... #########
#..........# .!.
#..........# ..#
#..........# ###
#..........#
#..........#
##........## ##......##


You could see 2 gnolls.

Vanquished Creatures
  A howler monkey (D:3)
  2 gnolls (D:3)
  5 adders
  2 oozes
  2 worms
  A dart slug (D:1)
  4 leopard geckos
  3 orcs
  A giant cockroach (D:3)
  6 goblins
  4 hobgoblins
  5 jackals
  4 kobolds
  7 bats
  8 frilled lizards
  13 rats
68 creatures vanquished.

Notes
Turn   | Place    | Note
-------+----------+-------------------------------------------
     0 | D:1      | sankara the Octopode Ice Elementalist began the quest for the Orb.
     0 | D:1      | Reached XP level 1. HP: 11/11 MP: 3/3
   111 | D:1      | Reached skill level 3 in Stealth
   193 | D:1      | Reached XP level 2. HP: 17/17 MP: 1/5
   638 | D:1      | Reached XP level 3. HP: 21/21 MP: 6/6
   643 | D:1      | Learned a level 3 spell: Ozocubu's Armour
   646 | D:1      | Learned a level 2 spell: Throw Frost
  1126 | D:2      | Found a radiant altar of Vehumet.
  1130 | D:2      | Became a worshipper of Vehumet
  1203 | D:2      | Noticed an earth elemental
  1205 | D:2      | Found a stormy altar of Qazlal.
  1210 | D:2      | Noticed a fire elemental
  1210 | D:2      | Noticed a water elemental
  1210 | D:2      | Noticed an air elemental
  1296 | D:2      | Reached skill level 4 in Stealth
  1300 | D:2      | HP: 5/21 [poisoned by an adder]
  1545 | D:2      | Reached XP level 4. HP: 27/27 MP: 5/8
  1792 | D:2      | HP: 6/27 [poisoned by an adder]
  2162 | D:2      | Found an ancient bone altar of Kikubaaqudgha.
  2322 | D:3      | Reached skill level 3 in Spellcasting
  2627 | D:2      | Reached * piety under Vehumet
  2627 | D:2      | Offered knowledge of Magic Dart by Vehumet.
  2632 | D:2      | Learned a level 1 spell: Magic Dart
  2803 | D:2      | HP: 6/27 [worm (8)]
  3136 | D:3      | HP: 6/27 [hobgoblin/club (5)]
  3149 | D:2      | HP: 3/27 [hobgoblin/club (5)]
  3514 | D:3      | Reached XP level 5. HP: 25/31 MP: 9/9
  3617 | D:3      | Reached skill level 4 in Ice Magic
  3655 | D:3      | HP: 4/31 [orc priest/divine providence (17)]
  3930 | D:3      | HP: 4/31 [orc priest/divine providence (13)]
  4202 | D:3      | HP: 5/31 [orc priest/nerve-wracking pain (8)]
  4486 | D:3      | HP: 4/31 [gnoll (4)]
  4487 | D:3      | Slain by a gnoll

Vault maps used:
D:1:      nzn_arrival_water_spiral, dk_noncrumbling_4, minivault_19
D:2:      vehumet_crystals, lemuel_round_altar, nicolae_qazlal_style_of_elements

Skill      XL: |  1  2  3  4  5 |
---------------+----------------+-----
Stealth        | 3 4 |  4.9
Spellcasting   | 3 |  3.3
Ice Magic      | 4 |  4.1
Dodging        | |  2.0
Conjurations   | |  1.6

Action                   |  1- 3 |  4- 6 || total
-------------------------+-------+-------++-------
Melee: Dagger            |     3 |    45 ||    48
       Constrict         |     1 |    14 ||    15
       Tentacles         |       |     8 ||     8
 Cast: Freeze            |    46 |    44 ||    90
       Throw Frost       |     2 |       ||     2
       Magic Dart        |       |    26 ||    26
       Ozocubu's Armour  |       |     1 ||     1
  Use: Scroll            |     4 |     1 ||     5
 Stab: Sleeping          |       |     1 ||     1
  Eat: Chunk             |     2 |     7 ||     9
       Ration            |       |     1 ||     1
Armor: Skin              |     2 |    11 ||    13
Dodge: Dodged            |    20 |    59 ||    79

Table legend:
 A = Spawn XP
 B = Non-spawn XP
 C = Spawn XP percentage of total XP
 D = Spawn monster count
 E = Non-spawn monster count
 F = Spawn count percentage of total count
 G = Total turns spent on level
                    A         B        C        D         E        F      G
               +---------+---------+-------+---------+---------+-------+---------
         Total |       0 |     259 |   0.0 |       0 |      68 |   0.0 |  4487
               +---------+---------+-------+---------+---------+-------+---------
           D:1 |       0 |      42 |   0.0 |       0 |      23 |   0.0 |  1220
           D:2 |       0 |      88 |   0.0 |       0 |      25 |   0.0 |  2831
           D:3 |       0 |     129 |   0.0 |       0 |      20 |   0.0 |   436
               +---------+---------+-------+---------+---------+-------+---------

Vault maps used:
D:1:      nzn_arrival_water_spiral, dk_noncrumbling_4, minivault_19
D:2:      vehumet_crystals, lemuel_round_altar, nicolae_qazlal_style_of_elements

Table legend:
 A = Turns spent in this place as a percentage of turns spent in the entire game.
 B = Non-inter-level travel turns spent in this place as a percentage of non-inter-level travel turns spent in the entire game.
 C = Inter-level travel turns spent in this place as a percentage of turns spent in this place.
 D = Turns resting spent in this place as a percentage of non-inter-level travel turns spent in this place.
 E = Turns spent auto-exploring this place as a percentage of non-inter-level travel turns spent in this place.
 F = Non-inter-level travel turns spent in this place divided by the number of levels of this place that you've seen.
                   A       B       C       D       E      F
               +-------+-------+-------+-------+-------+----------------------
         Total | 100.0 | 100.0 |   4.3 |  55.5 |  21.2 | 1430.7
       Dungeon | 100.0 | 100.0 |   4.3 |  55.5 |  21.2 | 1430.7
               +-------+-------+-------+-------+-------+----------------------

Table legend:
 A = Kills in this place as a percentage of kills in entire the game.
 B = Kills by you in this place as a percentage of kills by you in the entire game.
 C = Kills by friends in this place as a percentage of kills by friends in the entire game.
 D = Other kills in this place as a percentage of other kills in the entire game.
 E = Experience gained in this place as a percentage of experience gained in the entire game.
 F = Experience gained in this place divided by the number of levels of this place that you have seen.
                   A       B       C       D       E      F
               +-------+-------+-------+-------+-------+----------------------
         Total | 100.0 | 100.0 |   N/A |   N/A | 100.0 |  86.3
       Dungeon | 100.0 | 100.0 |   N/A |   N/A | 100.0 |  86.3
               +-------+-------+-------+-------+-------+----------------------
